 Dungeon Crawl Stone Soup version 0.30-a0-722-g3e6e8c874d (webtiles) character file.

Game seed: 10830573893333251789

77 Dittersdorf the Covered (level 4, -7/29 HPs)
             Began as a Gargoyle Fighter on Jan 27, 2023.
             Killed by divine providence
             ... invoked by an orc priest
              (14 damage)
             ... on level 4 of the Dungeon.
             The game lasted 00:02:19 (1778 turns).

Dittersdorf the Covered (Gargoyle Fighter)          Turns: 1778, Time: 00:02:19

Health: -7/29      AC: 11    Str: 21    XL:     4   Next: 34%
Magic:  4/4        EV:  9    Int:  9    God:
Gold:   128        SH:  4    Dex:  9    Spells: 3/3 levels left

rFire   . . .      SeeInvis .    a - +0 flail
rCold   . . .      Faith    .    c - +0 buckler
rNeg    + . .      Spirit   .    b - +0 scale mail
rPois   ∞          Reflect  .    (no helmet)
rElec   +          Harm     .    n - +0 cloak
rCorr   .          Rampage  .    (no gloves)
Will    .....                    (no boots) Stlth
                                 (no amulet)
HPRegen 0.24/turn                (no ring)
MPRegen 0.09/turn                (no ring)

@: no status effects
A: sickness immunity, AC +3, negative energy resistance 1, electricity
resistance, torment resistance 1, petrification resistance
a: no special abilities


You were on level 4 of the Dungeon.
You visited 1 branch of the dungeon, and saw 4 of its levels.

You collected 128 gold pieces.

Inventory:

Hand Weapons
 a - a +0 flail (weapon)
Missiles
 f - 11 poisoned darts (quivered)
Armour
 b - a +0 scale mail (worn)
 c - a +0 buckler (worn)
 n - a +0 cloak (worn)
Jewellery
 o - a ring of ice
Scrolls
 i - 2 scrolls of enchant weapon {unknown}
 j - 3 scrolls of teleportation {unknown}
Potions
 d - a potion of might
 g - 2 potions of curing
 k - a potion of magic
 l - a potion of mutation
 p - a potion of haste


   Skills:
 + Level 3.9 Fighting
 + Level 2.8 Maces & Flails
 + Level 4.0 Armour
 + Level 3.9 Shields


You had 3 spell levels left.
You didn't know any spells.
Your spell library contained the following spells:

 Spells                   Type           Power      Damage    Failure   Level
 Sting                    Tmut/Pois      0%         1d3       80%         1
 Lesser Beckoning         Tloc           0%         N/A       91%         2
 Poisonous Vapours        Pois/Air       0%         N/A       91%         2
 Gell's Gravitas          Tloc           0%         N/A       99%         3
 Teleport Other           Tloc           0%         N/A       99%         3
 Animate Armour           Summ/Erth      0%         N/A       100%        4
 Olgreb's Toxic Radiance  Pois           0%         N/A       100%        4
 Blade Hands              Tmut           0%         N/A       100%        5
 Iron Shot                Conj/Erth      0%         9d1       100%        6


Dungeon Overview and Level Annotations

Branches:
Dungeon (4/15)
 Temple: D:4-7

Altars:
Nemelex Xobeh

Shops:
D:2 :=


Innate Abilities, Weirdness & Mutations

You are immune to sickness and miasma.
Your stone body is resilient. (AC +3)
You are immune to poison.
You resist negative energy. (rN+)
You are resistant to electric shocks. (rElec)
You are resistant to unholy torment.
You are immune to petrification.


Message History

You hit the orc priest.
The orc priest is lightly wounded.
You block the orc priest's attack.
An orc priest comes into view. It is wielding a +0 whip.
You block the orc's attack.
The orc priest shouts!
You thump the orc priest!
The orc priest is severely wounded.
The orc priest closely misses you. The orc hits you but does no damage. x2
The orc priest invokes the aid of Beogh against you.
Beogh smites you!
Ouch! That really hurt!
The orc priest hits you with a +0 flail!
* * * LOW HITPOINT WARNING * * *
You are too injured to fight recklessly!
You are too injured to fight recklessly!
You are too injured to fight recklessly!
You are too injured to fight recklessly!
You are too injured to fight recklessly!
You are too injured to fight recklessly!
You are too injured to fight recklessly!
You are too injured to fight recklessly!
You are too injured to fight recklessly!
You are too injured to fight recklessly!
You are too injured to fight recklessly!
You are too injured to fight recklessly!
You are too injured to fight recklessly!
You are too injured to fight recklessly!
You are too injured to fight recklessly!
You are too injured to fight recklessly!
You are too injured to fight recklessly!
You sock the orc priest!
You kill the orc priest!
The orc barely misses you. x2
Your Armour skill increases to level 4!
You have reached level 4!
You feel clever.
The orc priest invokes the aid of Beogh against you.
Beogh smites you!
You die...

...............
.....?..........
..........o......
.................
.................
..........)o.....
.........go......
.........o.......
.........@.......
.................
..................
.....................
.....................
.....................
.....................
.....................
.....................


You could see an orc priest, 3 orcs and a hobgoblin.

Vanquished Creatures
  An orc priest (D:4)
  A worm (D:2)
  A dart slug (D:1)
  5 ball pythons
  8 bats
  5 endoplasms
  A giant cockroach (D:1)
  4 goblins
  4 hobgoblins
  4 kobolds
  A quokka (D:4)
  4 frilled lizards
  2 rats (D:3)
41 creatures vanquished.

Notes
Turn   | Place    | Note
-------+----------+-------------------------------------------
     0 | D:1      | Dittersdorf the Gargoyle Fighter began the quest for the
                  | Orb.
     0 | D:1      | Reached XP level 1. HP: 14/14 MP: 1/1
   107 | D:1      | Reached XP level 2. HP: 17/19 MP: 2/2
   152 | D:1      | Found a faded altar of an unknown god.
   483 | D:2      | Found Kuxaheaj's Vocational Training.
   529 | D:2      | Reached XP level 3. HP: 23/23 MP: 3/3
   802 | D:2      | Found Hiyh's Jewellery Shop.
   979 | D:3      | Found a sparkling altar of Nemelex Xobeh.
  1777 | D:4      | Reached skill level 4 in Armour
  1777 | D:4      | Reached XP level 4. HP: 7/29 MP: 4/4
  1778 | D:4      | Killed from afar by an orc priest

Illustrated notes

Levels and vault maps discovered:
D:1:      dpeg_arrival_rhombus, layout_basic, chequers_ecumenical_altar_island,
          chequers_serial_rivers_room_a
D:2:      layout_rooms, serial_shops, nicolae_shop_waterfront,
          nicolae_shop_vocational
D:3:      layout_basic, nemelex_spade_bored_becter
D:4:      layout_layer_cave, lightli_temple_of_fire, roderic_batcave,
          uniq_crazy_yiuf_cottage

Skill      XL: |  1  2  3 |
---------------+----------+-----
Armour         | 4 |  4.0
Fighting       | |  3.9
Maces & Flails | |  2.8
Shields        | |  3.9

Action                     |  1- 3 |  4- 6 || total
---------------------------+-------+-------++-------
  Melee: Flail             |   100 |       ||   100
    Use: Scroll            |     8 |       ||     8
 Armour: Scale mail        |    52 |       ||    52
  Dodge: Dodged            |    46 |       ||    46
  Block: Buckler           |    20 |       ||    20

Table legend: (Time is in decaauts)
 A = Elapsed time spent in this place.
 B = Non-inter-level travel time spent in this place.
 C = Inter-level travel time spent in this place.
 D = Time resting spent in this place.
 E = Time spent auto-exploring this place.
 F = Levels seen in this place.
 G = Mean time per level.
                   A        B        C        D        E       F      G
               +--------+--------+--------+--------+--------+-----+--------+
         Total |   1812 |   1669 |    143 |      0 |   1353 |   4 |  453.0 |
       Dungeon |   1812 |   1669 |    143 |      0 |   1353 |   4 |  453.0 |
               +--------+--------+--------+--------+--------+-----+--------+

Top non-repeatable levels by time:
     D:3: 826 daAuts
     D:1: 499 daAuts
     D:2: 446 daAuts
     D:4: 41 daAuts
